 Dungeon Crawl Stone Soup version 0.31-a0-246-g8cbcc1cb85 (webtiles) character file.

Game seed: 4033421141015330377

284 qw the Shooter (level 6, -1/37 HPs)
             Began as a Gargoyle Hexslinger on July 12, 2023.
             Was an Initiate of Okawaru.
             Slain by an iguana (4 damage)
             ... on level 5 of the Dungeon.
             The game lasted 00:01:15 (2982 turns).

qw the Shooter (Gargoyle Hexslinger)                Turns: 2982, Time: 00:01:15

Health: -1/37      AC: 14    Str: 11    XL:     6   Next: 29%
Magic:  7/7        EV: 10    Int: 14    God:    Okawaru [......]
Gold:   168        SH:  0    Dex: 14    Spells: 6/7 levels left

rFire   + . .        Y - +1 sling (flame)
rCold   + . .        (no shield)
rNeg    + . .        n - +0 ring mail
rPois   inf          c - +2 helmet
rElec   +            i - scarf {rC+ rF+}
rCorr   .            b - +0 pair of gloves
SInv    .            d - +0 pair of boots
Will    .....        (no amulet)
Stlth   +            (no ring)
HPRegen 0.26/turn    (no ring)
MPRegen 0.10/turn

%: no passive effects
@: no status effects
A: sickness immunity, AC +4, negative energy resistance 1, electricity
resistance, torment resistance 1, petrification resistance
a: Renounce Religion


You were on level 5 of the Dungeon.
You worshipped Okawaru.
Okawaru was noncommittal.
You visited 2 branches of the dungeon, and saw 6 of its levels.

You collected 200 gold pieces.
You spent 32 gold pieces at shops.


Innate Abilities, Weirdness & Mutations

You are immune to sickness and miasma.
Your stone body is resilient. (AC +4)
You are immune to poison.
You resist negative energy. (rN+)
You are resistant to electric shocks. (rElec)
You are resistant to unholy torment.
You are immune to petrification.


   Skills:
 - Level 3.0 Fighting
 + Level 5.5 Ranged Weapons
 - Level 1.5 Armour
 - Level 1.5 Dodging
 - Level 1.0 Spellcasting
 - Level 2.6 Hexes


You had 6 spell levels left.
You knew the following spells:

 Your Spells              Type           Power      Damage    Failure   Level
a - Slow                  Hex            32%        N/A       21%         1

Your spell library contained the following spells:

 Spells                   Type           Power      Damage    Failure   Level
 Inner Flame              Hex/Fire       4%         N/A       71%         3
 Portal Projectile        Hex/Tloc       8%         N/A       71%         3
 Cause Fear               Hex            4%         N/A       90%         4

Inventory:

Hand Weapons
 Y - a +1 sling of flaming (weapon)
Armour
 b - a +0 pair of gloves (worn)
 c - a +2 helmet (worn)
 d - a +0 pair of boots (worn)
 i - a scarf of resistance (worn)
 n - a +0 ring mail (worn)
Scrolls
 a - a scroll of identify
Potions
 e - a potion of cancellation
 g - a potion of curing
 h - a potion of might
 j - 2 potions of enlightenment
 k - 2 potions of haste
 l - a potion of lignification {unknown}
 m - a potion of invisibility {unknown}
 o - a potion of brilliance {unknown}
 p - a potion of attraction {unknown}
 r - a potion of magic {unknown}

Dungeon Overview and Level Annotations

Branches:
Dungeon (5/15)             Temple (1/1) D:4

Altars:
Cheibriados
Elyvilon
Gozag
Hepliaklqana
Kikubaaqudgha
Makhleb
Nemelex Xobeh
Okawaru
Qazlal
Ru
Sif Muna
Trog
Uskayaw
Xom
Yredelemnul
Zin

Shops:
D:1 *   D:3 [

Annotations:
D:3 2 runed translucent doors, qw's ghost, amateur GrHs


Message History

You kill the iguana!
Okawaru accepts your kill.
You start resting.
You feel your willpower return.
HP restored.
You now have 168 gold pieces (gained 15).
There is a stone staircase leading up here.
An iguana comes into view.
The iguana hisses angrily.
You shoot a sling bullet. The sling bullet hits the iguana.
The sling bullet burns the iguana.
The iguana is lightly wounded.
You shoot a sling bullet.
The sling bullet hits the iguana but does no damage.
The iguana is lightly wounded.
You shoot a sling bullet. The sling bullet hits the iguana.
The sling bullet burns the iguana.
The iguana is moderately wounded.
You shoot a sling bullet.
The sling bullet hits the iguana but does no damage.
The iguana is moderately wounded.
You shoot a sling bullet.
The sling bullet barely misses the iguana.
The iguana misses you.
You shoot a sling bullet.
The sling bullet hits the iguana but does no damage.
The iguana is moderately wounded.
The iguana barely misses you. The iguana bites you!
You shoot a sling bullet.
The sling bullet hits the iguana but does no damage.
The iguana is moderately wounded.
The iguana bites you!
You shoot a sling bullet.
The sling bullet hits the iguana but does no damage.
The iguana is moderately wounded.
The iguana bites you!
You shoot a sling bullet.
The sling bullet barely misses the iguana.
The iguana bites you! The iguana bites you.
You die...

#......# #......#
#.....># #......#
#......# .
#......# ...
#..%...#
.....##..<...#
......l@..<..#####
..#..####........#
#... #.)......#
... #...###### .
#####


You could see an iguana.

Vanquished Creatures
  A sleepcap (D:3)
  4 iguanas
  An orc wizard (D:4)
  4 adders
  4 worms
  2 dart slugs
  5 orcs
  8 ball pythons
  9 endoplasms
  3 giant cockroaches (D:1)
  6 hobgoblins
  4 jackals
  A quokka (D:2)
  6 bats
  2 frilled lizards
  4 goblins
  12 kobolds
  2 rats
78 creatures vanquished.

Notes
Turn   | Place    | Note
-------+----------+-------------------------------------------
     0 | D:1      | qw the Gargoyle Hexslinger began the quest for the Orb.
     0 | D:1      | Reached XP level 1. HP: 12/12 MP: 2/2
     0 | D:1      | 0 ||| qw: Version: 0.3-a-52-g30416fa
     0 | D:1      | 0 ||| qw: Game counter: 6490
     0 | D:1      | 0 ||| qw: Melee chars always use a shield: true
     0 | D:1      | 0 ||| qw: God list: Okawaru
     0 | D:1      | 0 ||| qw: Allow faded altars: false
     0 | D:1      | 0 ||| qw: Do Orc after clearing Dungeon:15 true
     0 | D:1      | 0 ||| qw: Do second Lair branch before Depths: true
     0 | D:1      | 0 ||| qw: Lair rune preference: random
     0 | D:1      | 0 ||| qw: Goals: Normal
     0 | D:1      | 0 ||| PLANNING D:1-11
   120 | D:1      | Reached XP level 2. HP: 11/16 MP: 3/3
   323 | D:1      | Reached skill level 3 in Ranged Weapons
   328 | D:1      | Found a faded altar of an unknown god.
   475 | D:1      | Found Veosm's Assorted Antiques.
   484 | D:1      | 484 ||| BUYING 2 sedimented dark potions (32 gold).
   484 | D:1      | Bought 2 sedimented dark potions for 32 gold pieces
   484 | D:1      | 484 ||| SHOPLISTING crooked ivory wand (72 gold, have 9).
   484 | D:1      | 484 ||| SHOPLISTING dark potion (16 gold, have 9).
   484 | D:1      | 484 ||| SHOPLISTING ring mail (72 gold, have 9).
   745 | D:1      | 745 ||| UPGRADING to +0 pair of boots.
   750 | D:1      | 750 ||| UPGRADING to scarf of resistance.
   755 | D:1      | 755 ||| READING 2 scrolls labelled UVIGEM FITE.
   756 | D:1      | 756 ||| READING scroll labelled SYGUCUOBRU.
   756 | D:1      | Identified a scroll of acquirement
   756 | D:1      | 756 ||| ACQUIRING +0 sling of flaming
   756 | D:1      | Acquired a +0 sling of flaming
   758 | D:1      | 758 ||| SWAPPING to +0 sling of flaming.
   759 | D:1      | 759 ||| DROPPING +1 sling.
   760 | D:1      | 760 ||| DRINKING 2 sedimented dark potions.
   761 | D:1      | 761 ||| DROPPING scroll of poison.
   833 | D:2      | Reached XP level 3. HP: 21/21 MP: 4/4
  1030 | D:2      | Reached XP level 4. HP: 26/26 MP: 5/5
  1405 | D:2      | 1405 ||| UPGRADING to +0 pair of gloves.
  1410 | D:2      | 1410 ||| READING scroll labelled PIDIMN VEMUADD.
  1411 | D:2      | 1411 ||| DRINKING 2 fizzy golden potions.
  1412 | D:2      | 1412 ||| READING 2 scrolls of identify.
  1412 | D:2      | 1412 ||| IDENTIFYING puce potion
  1452 | D:3      | Reached skill level 4 in Ranged Weapons
  1551 | D:3      | Found a sparkling altar of Nemelex Xobeh.
  1896 | D:3      | Found a large runed translucent door.
  1896 | D:3      | Found a large runed translucent door.
  1902 | D:3      | Noticed qw's ghost (amateur GrHs)
  1913 | D:3      | Found Poiw's Armour Shoppe.
  1929 | D:3      | HP: 6/26 [iguana (10)]
  1930 | D:3      | 1930 ||| DRINKING potion of heal wounds.
  1934 | D:3      | Reached XP level 5. HP: 17/30 MP: 6/6
  1986 | D:3      | 1986 ||| SHOPLISTING +2 helmet of see invisible (215 gold,
                  | have 82).
  1986 | D:3      | 1986 ||| SHOPLISTING +2 ring mail of positive energy (180
                  | gold, have 82).
  1986 | D:3      | 1986 ||| SHOPLISTING +2 robe of willpower (177 gold, have
                  | 82).
  1986 | D:3      | 1986 ||| SHOPLISTING +3 pair of mountain boots {steadfast,
                  | rC+} (335 gold, have 82).
  1986 | D:3      | 1986 ||| SHOPLISTING +5 ring mail of the World {rN+ Regen+
                  | Stlth-} (388 gold, have 82).
  2006 | D:3      | Reached skill level 5 in Ranged Weapons
  2155 | D:3      | 2155 ||| UPGRADING to +0 ring mail.
  2165 | D:3      | 2165 ||| DROPPING +0 robe.
  2167 | D:3      | 2167 ||| DROPPING ring of wizardry.
  2168 | D:3      | 2168 ||| READING 3 scrolls of identify.
  2168 | D:3      | 2168 ||| IDENTIFYING coppery potion
  2169 | D:3      | 2169 ||| READING 2 scrolls of identify.
  2169 | D:3      | 2169 ||| IDENTIFYING dark potion
  2194 | D:4      | Found a staircase to the Ecumenical Temple.
  2195 | D:4      | 2195 ||| PLANNING TEMPLE
  2203 | Temple   | Entered the Ecumenical Temple
  2221 | Temple   | 2221 ||| PLANNING OKAWARU WORSHIP
  2317 | Temple   | 2317 ||| UPGRADING to +2 helmet.
  2329 | Temple   | Became a worshipper of Warmaster Okawaru
  2330 | Temple   | 2330 ||| PLANNING D:1-11
  2530 | D:4      | Reached skill level 1 in Armour
  2685 | D:4      | Found a shimmering blue altar of Sif Muna.
  2731 | D:4      | Reached XP level 6. HP: 35/36 MP: 7/7
  2733 | D:4      | Reached skill level 3 in Fighting
  2740 | D:4      | 2740 ||| DRINKING 2 potions of curing.
  2740 | D:4      | 2740 ||| (to cure confusion)
  2890 | D:4      | 2890 ||| READING scroll labelled GOETAE JOOMA.
  2891 | D:4      | 2891 ||| READING 3 scrolls of identify.
  2891 | D:4      | 2891 ||| IDENTIFYING black potion
  2892 | D:4      | 2892 ||| READING 2 scrolls of identify.
  2892 | D:4      | 2892 ||| IDENTIFYING green potion
  2893 | D:4      | 2893 ||| DROPPING potion of ambrosia.
  2912 | D:5      | Entered Level 5 of the Dungeon
  2982 | D:5      | HP: 3/37 [iguana (10)]
  2982 | D:5      | Slain by an iguana

Levels and vault maps discovered:
D:1:      mrwooster_arrival_statue_3, layout_loops_ring, serial_shops,
          shop_statue, hellmonk_ecumenical_altar_dog_temple,
          nicolae_hexahallways, corexii_item_surrounded_by_moat
D:2:      minmay_kobold_bridge, layout_loops_ring, hangedman_decor_points
D:3:      layout_loops_ring, nemelex_spade_bored_becter, serial_shops,
          nicolae_shop_advertising_works [nicolae_subvault_shop_adworks],
          ebering_ghost_disaster_area, grunt_ministairs_4
D:4:      layout_basic, mainiacjoe_overflow_concentric_impassable,
          minmay_temple_entry_nine_rooms
D:5:      cheibrodos_fertilizer, layout_rooms, hangedman_glass_garden
Temple:   nicolae_temple_superstar

Skill      XL: |  1  2  3  4  5  6 |
---------------+-------------------+-----
Ranged Weapons | 3 4 5 |  5.5
Fighting       | 2 3 |  3.0
Armour         | 1 |  1.5
Dodging        | |  1.5
Spellcasting   | |  1.0
Hexes          | |  2.6

Action                     |  1- 3 |  4- 6 || total
---------------------------+-------+-------++-------
   Fire: Sling             |   120 |   147 ||   267
    Use: Scroll            |     2 |     7 ||     9
         Potion            |     1 |     3 ||     4
 Armour: Robe              |    23 |     4 ||    27
         Ring mail         |       |    37 ||    37
  Dodge: Dodged            |    48 |    31 ||    79

Table legend:
 A = Non-vault XP
 B = Vault XP
 C = Vault XP percentage of total XP
 D = Non-vault monster count
 E = Vault monster count
 F = Vault count percentage of total count
                 A         B        C        D         E       F
            +---------+---------+-------+---------+---------+-------
      Total |     390 |      17 |   4.2 |      70 |       8 |  10.3
            +---------+---------+-------+---------+---------+-------
        D:1 |      29 |       4 |  12.1 |      21 |       2 |   8.7
        D:2 |      48 |       7 |  12.7 |      15 |       4 |  21.1
        D:3 |     131 |       6 |   4.4 |      18 |       2 |  10.0
        D:4 |     146 |       0 |   0.0 |      15 |       0 |   0.0
        D:5 |      36 |       0 |   0.0 |       1 |       0 |   0.0
            +---------+---------+-------+---------+---------+-------
